 Dungeon Crawl Stone Soup version 0.26-a0-1129-gc5df7fbe6a (webtiles) character file.

Game seed: 9115301324447254568

34 hehateme the Covered (level 3, -1/31 HPs)
             Began as a Gnoll Wanderer on Dec 19, 2020.
             Slain by Robin
             ... wielding a +0 club
              (3 damage)
             ... on level 2 of the Dungeon.
             The game lasted 00:01:49 (1059 turns).

hehateme the Covered (Gnoll Wanderer)               Turns: 1059, Time: 00:01:50

Health: -1/31      AC:  2    Str: 14    XL:     3   Next: 31%
Magic:  7/7        EV: 11    Int: 15    God:
Gold:   74         SH:  0    Dex: 14    Spells: 7/7 levels left

rFire    . . .     SeeInvis .   a - +2 dagger
rCold    . . .     Faith    .   (no shield)
rNeg     . . .     Spirit   .   e - +0 robe
rPois    .         Reflect  .   (no helmet)
rElec    .         Harm     .   (no cloak)
rCorr    .         Rampage  .   (no gloves)
Will     .....                  (no boots)
Stlth    ++........             (no amulet)
HPRegen  0.10/turn              (no ring)
MPRegen  0.10/turn              (no ring)

@: no status effects
A: distributed training, fangs 1, strong nose
a: no special abilities


You were on level 2 of the Dungeon.
You visited 1 branch of the dungeon, and saw 2 of its levels.

You collected 74 gold pieces.

Inventory:

Hand Weapons
 a - a +2 dagger (weapon)
Missiles
 f - 38 stones (quivered)
 j - 12 sling bullets
 Q - 18 bolts
Armour
 e - a +0 robe (worn)
Jewellery
 i - a +4 ring of evasion {unknown}
 k - a cursed amulet of inaccuracy {unknown}
 m - an uncursed amulet of magic regeneration {unknown}
Potions
 b - a potion of haste
 c - a potion of berserk rage {unknown}
 d - a potion of curing
 h - a potion of ambrosia {unknown}
 l - a potion of magic {unknown}


   Skills:
 + Level 4.5 Fighting
 + Level 0.7 Short Blades
 + Level 0.7 Long Blades
 + Level 0.7 Axes
 + Level 0.7 Maces & Flails
 + Level 0.7 Polearms
 + Level 0.7 Staves
 + Level 0.7 Slings
 + Level 0.7 Bows
 + Level 0.7 Crossbows
 + Level 2.6 Throwing
 + Level 6.5 Armour
 + Level 0.7 Dodging
 + Level 2.3 Stealth
 + Level 0.7 Shields
 + Level 0.7 Unarmed Combat
 + Level 2.8 Spellcasting
 + Level 0.5 Conjurations
 + Level 0.5 Hexes
 + Level 0.5 Summonings
 + Level 0.5 Necromancy
 + Level 3.7 Translocations
 + Level 0.5 Transmutations
 + Level 0.5 Fire Magic
 + Level 0.5 Ice Magic
 + Level 0.5 Air Magic
 + Level 0.5 Earth Magic
 + Level 0.5 Poison Magic
 + Level 0.9 Invocations
 + Level 0.7 Evocations


You had 7 spell levels left.
You didn't know any spells.
Your spell library contained the following spells:

 Spells                   Type           Power        Failure   Level
 Passwall                 Tmut/Erth      2%           26%         2
 Wereblood                Tmut           3%           26%         2


Dungeon Overview and Level Annotations

Branches:
Dungeon (2/15)

Altars:

Annotations:
D:2 Robin


Innate Abilities, Weirdness & Mutations

Your experience applies equally to all skills.
You have very sharp teeth.
Your uncanny sense of smell can sniff out nearby items.


Message History

Robin shouts!
You hit the jackal but do no damage. The jackal closely misses you.
You closely miss the jackal.
The jackal bites you but does no damage.
You hit the jackal.
You kill the jackal!
You swing at nothing.
Robin hits you but does no damage.
As you read the scroll labelled KIXEEHEJEA, it crumbles to dust.
It is a scroll of amnesia.
You feel forgetful for a moment. Robin hits you with a +0 club!
* * * LOW HITPOINT WARNING * * *
You take 7 damage, and have 3/31 hp.
GAME OVER YEAH!!
You hit Robin. Robin hits you with a +0 club.
* * * LOW HITPOINT WARNING * * *
You take 1 damage, and have 2/31 hp.
You hit Robin.
A goblin comes into view. It is wielding a +0 dagger.
Robin hits you with a +0 club.
You die...

#.)# #.##(# #..#
#.##†# #
#..####.##.##..#
#........h..h.(#
#.......gg..g(....
#####.########.##.
#.# # #)# #@# #g#
∆ #.#
#.###########
#.g..<.......
#############

Notes
Turn   | Place    | Note
-------+----------+-------------------------------------------
     0 | D:1      | hehateme the Gnoll Wanderer began the quest for the Orb.
     0 | D:1      | hehateme set off with the following items: a +2 dagger, a
                  | potion of haste, a potion of curing, a +0 robe; and the
                  | following spells available to memorise: Passwall, Wereblood
     0 | D:1      | Reached XP level 1. HP: 20/20 MP: 4/4
    75 | D:1      | Reached XP level 2. HP: 18/26 MP: 5/5
   399 | D:1      | HP: 5/26 [hobgoblin/+0 club (5)]
   404 | D:1      | HP: 4/26 [frilled lizard (2)]
  1031 | D:2      | Reached XP level 3. HP: 20/31 MP: 7/7
  1052 | D:2      | Noticed Robin
  1057 | D:2      | HP: 3/31 [Robin/+0 club (7)]
  1059 | D:2      | Slain by Robin

Table legend: (Time is in decaauts)
 A = Elapsed time spent in this place.
 B = Non-inter-level travel time spent in this place.
 C = Inter-level travel time spent in this place.
 D = Time resting spent in this place.
 E = Time spent auto-exploring this place.
 F = Levels seen in this place.
 G = Mean time per level.
                   A        B        C        D        E       F      G
               +--------+--------+--------+--------+--------+-----+--------+
         Total |   1056 |   1035 |     21 |    267 |    567 |   2 |  528.0 |
       Dungeon |   1056 |   1035 |     21 |    267 |    567 |   2 |  528.0 |
               +--------+--------+--------+--------+--------+-----+--------+

Top non-repeatable levels by time:
     D:1: 978 daAuts
     D:2: 78 daAuts

Table legend:
 A = Kills in this place as a percentage of kills in entire the game.
 B = Kills by you in this place as a percentage of kills by you in the entire game.
 C = Kills by friends in this place as a percentage of kills by friends in the entire game.
 D = Other kills in this place as a percentage of other kills in the entire game.
 E = Experience gained in this place as a percentage of experience gained in the entire game.
 F = Experience gained in this place divided by the number of levels of this place that you have seen.
                   A       B       C       D       E      F
               +-------+-------+-------+-------+-------+----------------------
         Total | 100.0 | 100.0 |   N/A |   N/A | 100.0 |  24.5
       Dungeon | 100.0 | 100.0 |   N/A |   N/A | 100.0 |  24.5
               +-------+-------+-------+-------+-------+----------------------

Action                   || total
-------------------------++-------
Melee: Dagger            ||    93
       Bite              ||     8
Throw: Stone             ||     7
  Use: Scroll            ||     1
 Stab: Sleeping          ||     2
Armor: Robe              ||    15
Dodge: Dodged            ||    54

Vanquished Creatures
  A giant cockroach (D:1)
  6 goblins
  5 hobgoblins
  4 jackals (D:2)
  A quokka (D:2)
  5 bats (D:1)
  3 frilled lizards (D:1)
  4 kobolds (D:1)
  2 rats (D:1)
31 creatures vanquished. You could see Robin and a goblin (wandering).

Levels and vault maps discovered:
D:1:      ncdulo_lavacross, layout_rooms
D:2:      wad_crossroads, layout_loops_ring, nemelex_xobeh_ov_fountains_minmay,
          kennysheep_slug_shrine, uniq_robin
